 Dungeon Crawl Stone Soup version 0.28-b1-70-g80dc712255 (webtiles) character file.

Game seed: 7267258940851805207

464 vvl the Stinger (level 6, -1/44 HPs)
             Began as a Demonspawn Venom Mage on Feb 4, 2022.
             Slain by a quokka (2 damage)
             ... on level 5 of the Dungeon.
             The game lasted 00:10:01 (5104 turns).

vvl the Stinger (Demonspawn Venom Mage)             Turns: 5104, Time: 00:10:02

Health: -1/44      AC:  2    Str:  9    XL:     6   Next: 80%
Magic:  3/10       EV: 12    Int: 18    God:
Gold:   157        SH:  0    Dex: 13    Spells: 10/11 levels left

rFire   . . .      SeeInvis .   d - +3 long sword
rCold   . . .      Faith    .   (no shield)
rNeg    . . .      Spirit   .   a - +0 robe
rPois   .          Reflect  .   (helmet restricted)
rElec   .          Harm     .   (no cloak)
rCorr   .          Rampage  .   (no gloves)
Will    .....                   (no boots)
Stlth   ++........              (no amulet)
HPRegen 0.14/turn               (no ring)
MPRegen 0.12/turn               (no ring)

@: no status effects
A: hooves 1, horns 1, foul stench 1
a: no special abilities


You were on level 5 of the Dungeon.
You visited 1 branch of the dungeon, and saw 5 of its levels.

You collected 157 gold pieces.

Inventory:

Hand Weapons
 d - a +3 long sword (weapon)
Armour
 a - a +0 robe (worn)
Jewellery
 m - a ring of protection from cold
Wands
 k - a wand of flame (14)
Scrolls
 b - a scroll of identify {unknown}
 e - a scroll of holy word {unknown}
 g - 3 scrolls of teleportation {unknown}
 i - a scroll of amnesia {unknown}
 n - a scroll of brand weapon {unknown}
 p - a scroll of summoning {unknown}
 q - a scroll of blinking {unknown}
Potions
 c - 2 potions of curing {unknown}
 f - a potion of resistance {unknown}
 h - a potion of attraction {unknown}
 l - a potion of might {unknown}
 o - a potion of ambrosia {unknown}


   Skills:
 + Level 2.2 Fighting
 + Level 2.9 Dodging
 - Level 2.0 Stealth
 + Level 3.1 Spellcasting
 + Level 2.4 Necromancy
 + Level 2.4 Transmutations
 * Level 4.9 Poison Magic


You had 10 spell levels left.
You knew the following spells:

 Your Spells              Type           Power      Damage    Failure   Level
a - Sting                 Tmut/Pois      64%        1d6       3%          1

Your spell library contained the following spells:

 Spells                   Type           Power      Damage    Failure   Level
 Poisonous Vapours        Pois/Air       22%        N/A       9%          2
 Olgreb's Toxic Radiance  Pois           20%        N/A       22%         4
 Mephitic Cloud           Conj/Pois/Air  8%         N/A       24%         3


Dungeon Overview and Level Annotations

Branches:
Dungeon (5/15)
 Temple: D:4-7

Altars:
Uskayaw

Annotations:
D:4 Pikel


Innate Abilities, Weirdness & Mutations

You have large cloven feet.
You have a pair of small horns on your head.
You may rarely emit foul miasma when damaged in melee.


Message History

Okay, then.
Aiming: Throw Flame
Press: ? - help, Shift-Dir - straight line, f/p - lemure
Aim: a lemure (severely wounded, poisoned, 60% to hit)
The puff of flame hits the lemure.
The lemure is severely wounded.
The lemure hits you but does no damage.
Hit: d) +3 long sword
Press: ? - help, Dir - move target, f/p - lemure
Aim: a lemure (almost dead, poisoned, about 47% to evade your +3 long sword)
Okay, then.
Aiming: Throw Flame
Press: ? - help, Shift-Dir - straight line, f/p - lemure
Aim: a lemure (almost dead, poisoned, 60% to hit)
The puff of flame hits the lemure.
You kill the lemure!
That felt strangely unrewarding.
Casting: Sting (safe; 3% risk of failure)
Confirm with . or Enter, or press ? or * to list all spells.
Aiming: Sting (safe; 3% risk of failure)
Press: ? - help, Shift-Dir - straight line, f - quokka
Aim: a quokka (64% to hit)
The sting hits the quokka.
The quokka is poisoned.
The quokka is severely wounded.
Casting: Sting (safe; 3% risk of failure)
Confirm with . or Enter, or press ? or * to list all spells.
Aiming: Sting (safe; 3% risk of failure)
Press: ? - help, Shift-Dir - straight line, f/p - quokka
Aim: a quokka (severely wounded, poisoned, 64% to hit)
The sting misses the quokka.
The quokka bites you.
* * * LOW HITPOINT WARNING * * *
Casting: Sting (safe; 3% risk of failure)
Confirm with . or Enter, or press ? or * to list all spells.
Aiming: Sting (safe; 3% risk of failure)
Press: ? - help, Shift-Dir - straight line, f/p - quokka
Aim: a quokka (severely wounded, poisoned, 64% to hit)
The sting misses the quokka.
The quokka bites you.
* * * LOW HITPOINT WARNING * * *
The quokka bites you.
You die...

.......### ..... .....
...###..#.#
......##.##..##.#
.......<....###.##
..............c..########
......###..#####.....?...
....## ##.###...........
... #......r........ ..
#...###@?....... .
#....##.........
..##.##......... ..#
.......... ..#.###...
##.#.# .## #...# .....


You could see a quokka (poisoned).

Vanquished Creatures
  Grinder (D:3)
  2 lemures
  A jelly (D:4)
  2 iguanas (D:4)
  Ijyb (D:4)
  A hound skeleton (D:4)
  Robin (D:4)
  2 gnolls (D:1)
  3 adders
  A worm (D:4)
  An adder skeleton (D:4)
  A dart slug (D:2)
  7 endoplasms
  3 giant cockroaches
  17 goblins
  6 hobgoblins
  A jackal (D:1)
  7 kobolds
  4 quokkas
  15 ball pythons
  3 bats
  8 frilled lizards
  7 rats
95 creatures vanquished.

Notes
Turn   | Place    | Note
-------+----------+-------------------------------------------
     0 | D:1      | vvl the Demonspawn Venom Mage began the quest for the Orb.
     0 | D:1      | Reached XP level 1. HP: 13/13 MP: 3/3
   322 | D:1      | Reached skill level 1 in Transmutations
   417 | D:1      | Discovered your monstrous ancestry.
   417 | D:1      | Gained mutation: You have a pair of small horns on your
                  | head. [demonic ancestry]
   417 | D:1      | Reached XP level 2. HP: 10/20 MP: 0/5
  1059 | D:1      | Gained mutation: You may rarely emit foul miasma when
                  | damaged in melee. [demonic ancestry]
  1059 | D:1      | Reached XP level 3. HP: 8/25 MP: 2/6
  1967 | D:2      | Reached skill level 1 in Fighting
  1970 | D:2      | Reached skill level 1 in Necromancy
  2192 | D:2      | Reached XP level 4. HP: 28/32 MP: 4/7
  3140 | D:3      | Noticed Grinder
  3249 | D:3      | Paralysed by Grinder for 5 turns
  3262 | D:3      | Killed Grinder
  3263 | D:3      | Reached skill level 4 in Poison Magic
  3263 | D:3      | Reached XP level 5. HP: 20/38 MP: 1/9
  3263 | D:3      | Gained mutation: You have large cloven feet. [demonic
                  | ancestry]
  3263 | D:3      | Reached XP level 6. HP: 24/44 MP: 1/10
  3489 | D:3      | Found a hide-covered altar of Uskayaw.
  3913 | D:4      | Noticed Robin
  4026 | D:4      | Noticed Ijyb
  4040 | D:4      | Killed Ijyb
  4466 | D:4      | Killed Robin
  5057 | D:4      | Noticed Pikel
  5079 | D:5      | Entered Level 5 of the Dungeon
  5081 | D:5      | HP: 1/44 [lemure[Pikel] (9)]
  5102 | D:5      | HP: 1/44 [quokka (4)]
  5104 | D:5      | Slain by a quokka

Illustrated notes

Levels and vault maps discovered:
D:1:      mrwooster_arrival_statue_3, layout_basic, st_stairs_9,
          minmay_lizard_pond
D:2:      minmay_skewed_foursquare, layout_basic
D:3:      layout_basic, mainiacjoe_overflow_tiny_flanked, uniq_grinder
D:4:      layout_basic, uniq_robin, uniq_ijyb, uniq_crazy_yiuf_cottage,
          uniq_pikel
D:5:      layout_rooms

Skill      XL: |  1  2  3  4  5  6 |
---------------+-------------------+-----
Transmutations | 1 2 |  2.4
Stealth        | 2 |  2.0
Dodging        | 2 |  2.9
Fighting       | 1 2 |  2.2
Necromancy     | 1 2 |  2.4
Poison Magic   | 4 |  4.9
Spellcasting   | 3 |  3.1

Action                   |  1- 3 |  4- 6 || total
-------------------------+-------+-------++-------
Melee: Unarmed           |    34 |       ||    34
       Headbutt          |     7 |     5 ||    12
       Long sword        |     6 |    69 ||    75
       Kick              |       |    16 ||    16
 Cast: Sting             |    54 |    79 ||   133
Evoke: Wand              |       |     2 ||     2
  Use: Potion            |     1 |     2 ||     3
 Stab: Sleeping          |       |     3 ||     3
Armor: Robe              |    11 |    26 ||    37
Dodge: Dodged            |    44 |    72 ||   116
